 Dungeon Crawl Stone Soup version 0.31-a0-1591-g515db51633 (webtiles) character file.

Game seed: 6114847437252126462

3661239 Amplified the Grand Scion (level 27, 224/224 HPs)
             Began as a Demonspawn Hunter on Jan 5, 2024.
             Was a High Priest of Hepliaklqana.
             Escaped with the Orb
             ... and 5 runes
             ... and 3 gems on Jan 6, 2024!
             The game lasted 03:28:06 (64302 turns).

Amplified the Grand Scion (Demonspawn Hunter)      Turns: 64302, Time: 03:28:06

Health: 224/224    AC: 20    Str: 23    XL:     27
Magic:  12/12      EV: 31    Int: 13    God:    Hepliaklqana [*****.]
Gold:   4339       SH: 35    Dex: 32    Spells: 33/41 levels left

rFire   + + +        U - +12 broad axe of Articulation {antimagic, rF+ Str+2}
rCold   . . .        F - +8 tower shield {rC+}
rNeg    + + +        z - +0 swamp dragon scales
rPois   +            A - +2 helmet
rElec   +            E - +1 cloak
rCorr   .            (gloves unavailable)
SInv    .            H - +2 pair of boots {rampage}
Will    +++++        O - amulet "Koipsig" {RegenMP rElec Will+ Str-2 Dex+5}
Stlth   +            u - ring "Kydayc" {rF+++ rC- rN+ Will+++ Str+3}
HPRegen 0.57/turn    N - ring "Fitwekk" {rElec rN++ Int+2 Dex+6 Stlth-}
MPRegen 0.53/turn

%: repel missiles, rampage
@: studying Unarmed Combat
A: reduced essence, claws 3, repulsion field 3, demonic guardian 3, augmentation
3, demonic magic 3, low MP 1, inability to read after injury 1
0: Orb of Zot
}: 5/15 runes: decaying, serpentine, slimy, silver, abyssal
a: Renounce Religion, Recall Ancestor, Ancestor Identity, Transference, Idealise


You escaped.
You worshipped Hepliaklqana.
Hepliaklqana was extremely pleased with you.
You visited 12 branches of the dungeon, and saw 56 of its levels.
You visited the Abyss 1 time.
You visited 1 ziggurat, and saw 7 of its levels.
You also visited: Sewer, Bailey and Ice Cave.

You collected 9266 gold pieces.
You spent 4927 gold pieces at shops.

Inventory:

Hand Weapons
 U - the +12 broad axe of Articulation (weapon) {antimagic, rF+ Str+2}
   (You bought it in a shop on level 6 of the Dungeon)

   Str+2:     It affects your strength (+2).
   rF+:       It protects you from fire.
Missiles
 t - 19 silver javelins
 G - 5 throwing nets
 V - 7 curare-tipped darts (quivered)
Armour
 g - the +3 shadow dragon scales of Slimy Intercession {rN+ Will++ Str+2 Int-4 Stlth++++}
   (You took it off a spriggan defender on level 2 of the Depths)

   Str+2:     It affects your strength (+2).
   Int-4:     It affects your intelligence (-4).
   rN+:       It protects you from negative energy.
   Will++:    It greatly increases your willpower.
   Stlth++++: It makes you much more stealthy.
 h - the +4 tower shield of Dotsonty {rElec Int+3 SInv}
   (You found it on level 5 of the Pits of Slime)

   Int+3:     It affects your intelligence (+3).
   rElec:     It insulates you from electricity.
   SInv:      It lets you see invisible.
 z - +0 swamp dragon scales (worn)
 A - a +2 helmet (worn)
 E - a +1 cloak (worn)
 F - a +8 tower shield of cold resistance (worn)
 H - a +2 pair of boots of rampaging (worn)
 Q - +1 gold dragon scales
Jewellery
 b - the ring of Devotion {rElec rN+}
   (You found it on level 5 of the Pits of Slime)

   [ring of positive energy]

   rElec:     It insulates you from electricity.
   rN+:       It protects you from negative energy.
 f - the ring of the Failed Coup {Fly rF+ rN+}
   (You took it off a deep elf death mage on level 3 of the Elven Halls)

   [ring of protection from fire]

   rF+:       It protects you from fire.
   rN+:       It protects you from negative energy.
   Fly:       It grants you flight.
 j - the ring of Greed {rC+ rN+ AC+4 Dex+2}
   (You bought it in a shop on level 2 of the Orcish Mines)

   [ring of protection]

   AC+4:      It affects your AC (+4).
   Dex+2:     It affects your dexterity (+2).
   rC+:       It protects you from cold.
   rN+:       It protects you from negative energy.
 m - the ring "Xaups" {^Contam rPois rF+ Str+4 Int+7}
   (You found it on level 5 of a ziggurat)

   [ring of protection from fire]

   Str+4:     It affects your strength (+4).
   Int+7:     It affects your intelligence (+7).
   rF+:       It protects you from fire.
   rPois:     It protects you from poison ^Contam: It causes magical
   contamination when unequipped.
 n - the ring "Vatrej" {rN+ rCorr MP-9 Str+3 Int+4}
   (You found it on level 3 of the Crypt)

   [ring of positive energy]

   Str+3:     It affects your strength (+3).
   Int+4:     It affects your intelligence (+4).
   rN+:       It protects you from negative energy.
   MP-9:      It affects your magic capacity (-9).
   rCorr:     It protects you from acid and corrosion.
 u - the ring "Kydayc" (left claw) {rF+++ rC- rN+ Will+++ Str+3}
   (You found it on level 3 of the Crypt)

   [ring of positive energy]

   Str+3:     It affects your strength (+3).
   rF+++:     It renders you almost immune to fire.
   rC-:       It makes you vulnerable to cold.
   rN+:       It protects you from negative energy.
   Will+++:   It greatly increases your willpower.
 B - the ring "Qinitrav" {rElec rC- Will+ Str+5 Dex+6}
   (You bought it in a shop on level 12 of the Dungeon)

   [ring of dexterity]

   Str+5:     It affects your strength (+5).
   Dex+6:     It affects your dexterity (+6).
   rC-:       It makes you vulnerable to cold.
   rElec:     It insulates you from electricity.
   Will+:     It increases your willpower.
 N - the ring "Fitwekk" (right claw) {rElec rN++ Int+2 Dex+6 Stlth-}
   (You found it on level 5 of the Pits of Slime)

   [ring of dexterity]

   Int+2:     It affects your intelligence (+2).
   Dex+6:     It affects your dexterity (+6).
   rElec:     It insulates you from electricity.
   rN++:      It greatly protects you from negative energy.
   Stlth-:    It makes you less stealthy.
 O - the amulet "Koipsig" (around neck) {RegenMP rElec Will+ Str-2 Dex+5}
   (You found it on level 3 of the Crypt)

   [amulet of magic regeneration]

   RegenMP:   It increases your rate of magic regeneration.
   Str-2:     It affects your strength (-2).
   Dex+5:     It affects your dexterity (+5).
   rElec:     It insulates you from electricity.
   Will+:     It increases your willpower.
 T - the ring of Raezanab {rC+ rCorr Dex+2}
   (You found it on level 7 of a ziggurat)

   [ring of protection from cold]

   Dex+2:     It affects your dexterity (+2).
   rC+:       It protects you from cold.
   rCorr:     It protects you from acid and corrosion.
Wands
 c - a wand of mindburst (28)
 o - a wand of digging (26)
 w - a wand of light (32)
 J - a wand of iceblast (71)
 K - a wand of polymorph (29)
 S - a wand of paralysis (41)
Scrolls
 e - 2 scrolls of fog
 q - 6 scrolls of immolation
 r - 6 scrolls of amnesia
 L - 10 scrolls of poison
 P - 13 scrolls of teleportation
 Z - 3 scrolls of fear
Potions
 d - 14 potions of brilliance
 i - 15 potions of curing
 p - 2 potions of enlightenment
 v - 5 potions of magic
 x - a potion of resistance
 C - 11 potions of attraction
 D - 10 potions of mutation
 I - 11 potions of lignification
 R - a potion of ambrosia
Miscellaneous
 a - a condenser vane
 k - a phantom mirror
 l - a phial of floods


   Skills:
 O Level 27 Fighting
 - Level 17.7(18.3) Axes
 - Level 8.2(14.0) Maces & Flails
 - Level 7.7 Ranged Weapons
 * Level 12.0 Armour
 * Level 14.6 Dodging
 - Level 1.1 Stealth
 - Level 21.6 Shields
 - Level 7.6 Spellcasting
 - Level 5.8 Translocations
 O Level 27 Invocations


You had 33 spell levels left.
You knew the following spells:

 Your Spells              Type           Power      Damage    Failure   Level
a - Lesser Beckoning      Tloc           88%        N/A       4%          2
b - Frozen Ramparts       Ice            20%        1d4       67%         3
c - Apportation           Tloc           88%        N/A       2%          1
d - Blink                 Tloc           88%        N/A       4%          2

Your spell library contained the following spells:

 Spells                   Type           Power      Damage    Failure   Level
 Momentum Strike          Conj/Tloc      54%        3d9       14%         2
 Passage of Golubria      Tloc           44%        N/A       26%         4
 Freeze                   Ice            40%        1d6       30%         1
 Kiss of Death            Conj/Necr      40%        2d8       30%         1
 Magic Dart               Conj           40%        1d5       30%         1
 Necrotise                Necr           40%        1d6       30%         1
 Sandblast                Erth           20%        2d7       30%         1
 Shock                    Conj/Air       40%        1d5       30%         1
 Sting                    Conj/Alch      40%        1d5       30%         1
 Summon Small Mammal      Summ           40%        N/A       30%         1
 Call Imp                 Summ           20%        N/A       43%         2
 Cigotuvi's Dreadful Rot  Necr/Alch/Air  20%        N/A       43%         2
 Ensorcelled Hibernation  Hex/Ice        20%        N/A       43%         2
 Jinxbite                 Hex            20%        N/A       43%         2
 Sublimation of Blood     Necr           10%        N/A       43%         2
 Dimensional Bullseye     Hex/Tloc       13%        N/A       65%         4
 Iskenderun's Mystic Bla  Conj/Tloc      27%        2d7       65%         4
 Vhi's Electric Charge    Tloc/Air       54%        N/A       65%         4
 Call Canine Familiar     Summ           10%        N/A       67%         3
 Confusing Touch          Hex            10%        N/A       67%         3
 Fugue of the Fallen      Necr           10%        N/A       67%         3
 Hailstorm                Conj/Ice       10%        3d6       67%         3
 Inner Flame              Hex/Fire       10%        N/A       67%         3
 Mephitic Cloud           Conj/Alch/Air  10%        N/A       67%         3
 Passwall                 Erth           10%        N/A       67%         3
 Summon Ice Beast         Ice/Summ       10%        N/A       67%         3
 Swiftness                Air            10%        N/A       67%         3
 Tukima's Dance           Hex            10%        N/A       67%         3
 Summon Forest            Summ/Tloc      13%        N/A       94%         5
 Airstrike                Air            5%         2d(1-17)  97%         4
 Anguish                  Hex/Necr       5%         N/A       97%         4
 Animate Armour           Summ/Erth      20%        N/A       97%         4
 Animate Dead             Necr           10%        N/A       97%         4
 Brom's Barrelling Bould  Conj/Erth      10%        2d3       97%         4
 Dispel Undead            Necr           10%        3d9       97%         4
 Ignite Poison            Fire/Alch      10%        N/A       97%         4
 Leda's Liquefaction      Alch/Erth      5%         N/A       97%         4
 Martyr's Knell           Necr/Summ      10%        N/A       97%         4
 Olgreb's Toxic Radiance  Alch           10%        N/A       97%         4
 Petrify                  Alch/Erth      10%        N/A       97%         4
 Sticky Flame             Fire/Alch      10%        2d5       97%         4
 Summon Lightning Spire   Summ/Air       10%        N/A       97%         4
 Alistair's Intoxication  Alch           6%         N/A       100%        5
 Arcjolt                  Conj/Air       5%         1d15      100%        5
 Borgnjor's Vile Clutch   Necr/Erth      5%         N/A       100%        5
 Freezing Cloud           Conj/Ice/Air   5%         6-21      100%        5
 Irradiate                Conj/Alch      5%         3d13      100%        5
 Iskenderun's Battlesphe  Conj           10%        2d6       100%        5
 Lee's Rapid Deconstruct  Erth           5%         3d6*      100%        5
 Metabolic Englaciation   Hex/Ice        5%         N/A       100%        5
 Summon Mana Viper        Hex/Summ       10%        N/A       100%        5
 Yara's Violent Unravell  Hex/Alch       5%         3d4       100%        5
 Bombard                  Conj/Erth      5%         9d2       100%        6
 Conjure Ball Lightning   Conj/Air       5%         3x3d6     100%        6
 Death Channel            Necr           5%         N/A       100%        6
 Eringya's Noxious Bog    Alch           5%         4d6       100%        6
 Plasma Beam              Fire/Air       5%         2x1d15    100%        6
 Sculpt Simulacrum        Ice/Alch       5%         N/A       100%        6
 Haunt                    Necr/Summ      5%         N/A       100%        7
 Monstrous Menagerie      Summ           5%         N/A       100%        7
 Spellforged Servitor     Conj/Summ      5%         N/A       100%        7
 Summon Hydra             Summ           5%         N/A       100%        7
 Borgnjor's Revivificati  Necr           5%         N/A       100%        8
 Discord                  Hex            5%         N/A       100%        8
 Disjunction              Tloc           22%        N/A       100%        8
 Ignition                 Fire           5%         3d4       100%        8
 Infestation              Necr           5%         N/A       100%        8
 Chain Lightning          Conj/Air       5%         3d6       100%        9
 Fire Storm               Conj/Fire      5%         8d1       100%        9
 Polar Vortex             Ice            5%         N/A       100%        9
 Shatter                  Erth           5%         3d8*      100%        9


Dungeon Overview and Level Annotations

Branches:
Dungeon (15/15)            Temple (1/1) D:7            Lair (5/5) D:11
  Swamp (4/4) Lair:2        Snake (4/4) Lair:3        Slime (5/5) Lair:5
    Orc (2/2) D:12            Elf (3/3) Orc:2        Vaults (5/5) D:14
  Crypt (3/3) Vaults:3       Tomb (0/3) Crypt:3      Depths (4/4) D:15
    Zot (5/5) Depths:4      Sewer (visited)          Bailey (visited)
  IceCv (visited)

Altars:
Ashenzari
Cheibriados
Dithmenos
Fedhas
Gozag
Hepliaklqana
Kikubaaqudgha
Makhleb
Okawaru
Qazlal
Ru
Sif Muna
Trog
Uskayaw
Vehumet
Wu Jian
Xom
Yredelemnul
Jiyva

Shops:
D:6 (   D:12 =   D:15 *   Orc:2 ([:=   Elf:1 ?   Elf:3 :   Snake:3 ==:
Vaults:3 !   Vaults:5 *=   Depths:4 :[

Portals:
Hell: Depths:1 Depths:2 Depths:3 Depths:4
Abyss: Depths:3 Depths:4
Pandemonium: Depths:2

Annotations:
D:6 Switch to strength
D:15 Remember to take off the hat, Strength-heavy playthrough.
Swamp:2 3 runed translucent doors, haldagan's ghost, adept MiAl
Elf:2 3 runed translucent doors
Vaults:3 Depths?
Depths:2 Source of rPois?
Zot:5 Get Slime and Abyss, from there to Zot


Innate Abilities, Weirdness & Mutations

Your life essence is reduced to manifest your ancestor. (-10% HP)
You have claws for hands.
You are surrounded by a strong repulsion field. (EV +4, RMsl)
A powerful demonic guardian rushes to your aid.
Your magical and physical power is greatly enhanced at high health.
Spells you cast and wands you use may paralyse nearby enemies.
Your magical capacity is low. (-10% MP)
You occasionally lose the ability to read scrolls when taking damage.


Message History

Unknown command.
You slice the red devil!!
The red devil is almost dead.
Unknown command.
You cut the red devil into ribbons!!!
You kill the red devil!
Unknown command.
You see here a +0 trident.
What level of the Dungeon? (default 1, ? - help)
There is a stone staircase leading down here.
A green death comes into view.
What level of the Dungeon? (default 1, ? - help)
A green death is nearby!
The green death moves out of view.
Ealamassi gestures wildly while chanting.
The green death resists with some effort.
There is an open door here.
The green death hits Ealamassi!
Ealamassi hits the green death with a +0 antimagic quick blade!!!
The green death's magic leaks into the air.
Ealamassi barely misses the green death.
Ealamassi hits the green death with a +0 antimagic quick blade!
The green death's magic leaks into the air.
Ealamassi hits the green death with a +0 antimagic quick blade!!
The green death dies!
Ealamassi is no longer moving quickly.
There is an open door here.
Ealamassi loses the glow of perfection.
There is an open door here.
There is a stone staircase leading up here.
You climb upwards.
There is a stone staircase leading down here.
Unknown command.
There is a stone staircase leading up here.
You climb upwards.
There is a stone staircase leading down here.
Unknown command.
Unknown command.
There is a staircase leading out of the dungeon here.
You have escaped!

#.........................
#.#####...........†####### #.#
#........##.########
######.#####........##.........
#[.........................####
#####..########.######.###..###
#...#######.####...####...#
##......#...........# ###.#
#.##.....@.........#####.#
###.##.....R#######........#
#...........##...##.........
#...........#.###.#.........
#...........#.#≈#.#.........
#.......>...#.#'#.#..#####.#
#...........##...##..# #.#
#...........##'#+##..## #..
#.....................# ###


You could see the friendly Ealamassi the hexer.

Vanquished Creatures
  the Royal Jelly (Slime:5)
  A pandemonium lord (Zot:5)
  Frederick (Crypt:2)
  2 dread liches
  2 orbs of fire
  4 Killer Klowns
  Vashnia (Snake:3)
  Bai Suzhen (Vaults:5)
  5 golden dragons
  A profane servitor (Crypt:3)
  3 bone dragons
  Jory (Vaults:2)
  A hellephant (Abyss:3)
  12 tentacled monstrosities
  13 Orb Guardians (Zot:5)
  Zenata (Vaults:3)
  7 quicksilver dragons
  3 deep elf blademasters (Elf:3)
  4 liches
  4 titans (Vaults:5)
  3 sphinxes
  4 tentacled starspawn
  A deep elf master archer (Elf:3)
  3 ancient champions
  14 acid blobs
  6 death cobs
  The ghost of Ekep the Earth Mage, an adept GrEE of Vehumet (Snake:1)
  4 shadow dragons
  10 tengu reavers
  2 thorn hunters
  A revenant (Crypt:3)
  2 azure jellies
  Donald (Snake:2)
  6 draconian monks
  4 draconian knights
  14 storm dragons
  4 protean progenitors
  3 nagarajas (Snake:4)
  A daeva (D:6)
  4 frost giants
  5 fire giants
  3 deep elf sorcerers (Elf:3)
  A draconian shifter (Abyss:3)
  2 ghost moths
  7 rockslimes
  An iron dragon (Zig:7)
  Louise (Elf:3)
  15 vault wardens
  3 deep elf elementalists (Elf:3)
  A ghoul (Crypt:1)
  2 draconian scorchers
  2 curse skulls
  2 draconian stormcallers
  3 balrugs (Zig:6)
  A demonspawn corrupter (D:11)
  3 orc warlords
  4 draconian annihilators
  2 reapers
  A demonspawn blood saint (D:15)
  7 stone giants
  8 quicksilver oozes
  3 ironbound thunderhulks (Vaults:1)
  A formless jellyfish (Vaults:1)
  9 green draconians
  10 very ugly things
  16 ironbound preservers
  7 eleionomae
  5 deep elf demonologists (Elf:3)
  2 demonspawn black suns
  4 vampire knights
  2 bunyips
  9 deep elf death magi
  7 purple draconians
  16 black draconians
  11 white draconians
  12 yellow draconians
  10 dire elephants
  5 deep elf annihilators
  6 red draconians
  19 ettins
  An eidolon (Crypt:1)
  3 spark wasps
  4 war gargoyles
  A blizzard demon (D:15)
  16 jiangshi
  3 fire dragons
  A shambling mangrove (Swamp:4)
  Josephine (Orc:2)
  11 yaktaur captains
  2 quicksilver dragon zombies
  4 great orbs of eyes
  5 deep elf high priests
  2 salamander tyrants (Snake:4)
  2 rakshasas
  Harold (D:10)
  3 peacekeepers
  An ice dragon (shapeshifter) (Vaults:1)
  9 ice dragons
  36 vault guards
  A hell beast (Depths:2)
  2 ghost crabs
  A spriggan skeleton (Abyss:1)
  16 hydras
  An ogre mage (Vaults:5)
  3 spriggan air magi
  6 two-headed ogres
  6 alligators
  4 centaur warriors
  A death knight (Crypt:3)
  7 ironbound frosthearts
  7 anacondas
  4 boulder beetles
  8 dancing weapons
  6 deep troll shamans
  An azure jelly zombie (Crypt:2)
  3 vampire magi
  A demonic crawler (Abyss:2)
  A hell hog (Abyss:1)
  11 naga warriors
  8 tengu warriors
  4 spriggan berserkers
  4 death yaks (Lair:5)
  2 deep troll earth magi
  An orc high priest (Vaults:4)
  12 naga sharpshooters
  2 occultists (Depths:1)
  3 thrashing horrors
  4 hell knights
  2 shock serpents
  A soul eater (D:11)
  7 deep elf knights
  A sixfirhy (Abyss:2)
  20 skeletal warriors
  A salamander mystic (Snake:2)
  2 wretched stars
  2 goliath frogs
  2 shadow wraiths
  A bunyip zombie (Abyss:1)
  2 spriggan druids (Swamp:2)
  A storm dragon skeleton (D:15)
  2 death drakes (Swamp:4)
  3 sea snakes (Snake:4)
  A golden dragon zombie (Depths:2)
  6 iron trolls
  7 swamp dragons (Swamp:4)
  3 flayed ghosts
  6 naga ritualists
  A shadow demon (D:4)
  An obsidian statue (Vaults:4)
  5 bog bodies
  A glowing orange brain (Slime:5)
  59 deep trolls
  8 deep elf archers
  13 mana vipers
  2 arcanists
  8 orc knights
  13 ironbound convokers
  A golden dragon skeleton (Depths:2)
  6 lindwurms
  8 necromancers
  Pikel (D:9)
  3 oklob plants
  9 deep elf zephyrmancers
  5 phantasmal warriors
  25 ugly things
  17 deep elf pyromancers
  3 orc sorcerers
  4 shining eyes
  15 moths of wrath
  A tengu skeleton (Vaults:5)
  3 cyclopes
  A moth of wrath (shapeshifter) (Vaults:5)
  A frost giant skeleton (Crypt:1)
  A wolf spider (Zot:1)
  11 salamanders
  27 black mambas
  2 kobold blastminers (Orc:2)
  6 elephants
  Joseph (D:8)
  3 molten gargoyles (Lair:5)
  2 guardian serpents
  10 vault sentinels
  8 large abominations
  An ice statue (IceCv)
  A human skeleton (Vaults:5)
  A torpor snail (shapeshifter) (Vaults:2)
  2 eyes of devastation (Slime:5)
  10 naga magi
  2 gargoyles
  3 smoke demons
  2 efreet
  2 hellions
  8 cane toads
  12 komodo dragons
  3 kobold demonologists (D:10)
  Maggie (Lair:1)
  7 unseen horrors
  A red draconian zombie (Crypt:1)
  8 freezing wraiths
  A rime drake (Lair:3)
  A yaktaur zombie (Vaults:5)
  24 yaktaurs
  4 tengu conjurers
  A yaktaur (shapeshifter) (Vaults:5)
  2 anaconda simulacra (IceCv)
  An ice devil (IceCv)
  A red devil (D:3)
  An iron troll zombie (Crypt:1)
  A troll (shapeshifter) (D:13)
  3 trolls
  2 ancient zymes (Abyss:2)
  A bloated husk (Swamp:2)
  A queen bee (shapeshifter) (Elf:1)
  A tyrant leech (Lair:2)
  An ettin zombie (Vaults:5)
  A jumping spider zombie (Crypt:1)
  7 hornets
  A meliai zombie (Crypt:1)
  16 blink frogs
  A raiju (shapeshifter) (Elf:1)
  5 glass eyes
  2 ynoxinuls
  An ettin skeleton (Depths:2)
  2 shadows
  3 spriggans
  A wyvern (shapeshifter) (Elf:1)
  A stone giant simulacrum (Vaults:5)
  24 slime creatures
  A spriggan (shapeshifter) (Elf:1)
  7 wyverns
  A water elemental (Elf:1)
  4 fire elementals
  13 humans
  4 basilisks
  A wind drake zombie (Crypt:2)
  2 golden eyes
  47 yaks
  10 wraiths
  3 wargs
  6 steam dragons
  15 vampire mosquitoes
  4 neqoxecs
  A death yak simulacrum (IceCv)
  A chaos spawn (Depths:1)
  2 hydra simulacra (IceCv)
  10 swamp worms
  A naga zombie (Abyss:1)
  31 nagas
  A two-headed ogre zombie (Crypt:2)
  A spatial vortex (Abyss:3)
  Duvessa (D:7)
  4 acid dragons
  4 hell hounds (Lair:5)
  A water nymph zombie (Crypt:1)
  A demonspawn skeleton (Crypt:1)
  3 swamp drakes
  4 water moccasins
  3 black bears
  24 laughing skulls
  40 orc warriors
  A sky beast (D:8)
  5 boggarts (D:14)
  A wolf (Lair:2)
  5 ogres
  12 centaurs
  A rime drake zombie (Crypt:1)
  2 lemures (D:9)
  A phantom (D:5)
  7 kobold brigands
  A weeping skull (Crypt:3)
  A brain worm (Abyss:2)
  13 bullfrogs
  2 necrophages (Crypt:3)
  2 earth elementals
  3 two-headed ogre simulacra (IceCv)
  5 cane toad simulacra (IceCv)
  3 small abominations
  2 gnoll sergeants
  5 wights
  A centaur (shapeshifter) (Vaults:5)
  4 burial acolytes (Crypt:3)
  Dowan (D:7)
  An elephant simulacrum (IceCv)
  4 killer bees
  An electric eel (Elf:1)
  5 lava snakes (Lair:5)
  A bombardier beetle (D:5)
  12 orc priests
  22 jellies
  2 hounds (D:5)
  A centaur skeleton (Crypt:2)
  A gnoll bouda (D:5)
  16 starcursed masses
  3 iron imps
  A sleepcap (D:4)
  3 hexers
  4 iguanas
  13 orc wizards
  2 spriggan simulacra (IceCv)
  6 troll simulacra (IceCv)
  2 wolf simulacra (IceCv)
  27 gnolls
  11 adders
  4 naga simulacra (IceCv)
  2 shadow imps (D:5)
  16 white imps
  7 ufetubi (IceCv)
  A lava snake skeleton (Crypt:2)
  3 dart slugs
  2 ribbon worms
  74 orcs
  12 endoplasms
  8 goblins
  5 hobgoblins
  2 jackals (D:4)
  2 quokkas
  7 ball pythons
  6 bats
  A jackal skeleton (Crypt:1)
  27 kobolds
  10 rats
  4 starspawn tentacles
1810 creatures vanquished.

Vanquished Creatures (collateral kills)
  A dread lich (Zot:5)
  2 ancient liches
  2 orbs of fire
  Sojobo (Vaults:5)
  A pandemonium lord (D:3)
  A Killer Klown (Zot:5)
  A curse toe (Zot:4)
  4 golden dragons
  2 hellephants (Zig:6)
  14 tentacled monstrosities
  3 electric golems
  8 Orb Guardians (Zot:5)
  Rupert (Lair:2)
  A deep elf blademaster (Elf:3)
  3 quicksilver dragons
  A sphinx (Vaults:4)
  A deep elf master archer (Elf:3)
  15 acid blobs
  3 Executioners
  4 titans
  2 death cobs
  3 ancient champions
  A tentacled starspawn (Abyss:1)
  5 shadow dragons
  6 storm dragons
  A revenant (Abyss:2)
  Roxanne (Swamp:4)
  3 draconian monks
  2 fire giants (Vaults:5)
  3 rockslimes (Slime:5)
  2 protean progenitors (Zot:1)
  3 azure jellies (Slime:5)
  2 draconian scorchers
  An iron dragon (Zig:7)
  A draconian knight (Zot:4)
  A deep elf sorcerer (Elf:3)
  A ghost moth (Zot:5)
  4 vault wardens
  2 balrugs
  3 frost giants
  4 draconian shifters
  2 curse skulls
  4 ghouls
  A draconian stormcaller (Zot:2)
  3 formless jellyfish (Slime:4)
  A cacodemon (Abyss:3)
  3 stone giants
  A reaper (Depths:2)
  An ironbound thunderhulk (Vaults:3)
  5 draconian annihilators
  The ghost of Bizboz the Nimble, a journeyman DjAl of Ashenzari (Depths:1)
  A spriggan defender (Depths:2)
  8 ironbound preservers
  4 quicksilver oozes
  3 green draconians
  3 very ugly things
  An eleionoma (Swamp:3)
  5 black draconians
  4 vampire knights
  A deep elf demonologist (Vaults:5)
  2 deep elf death magi
  5 deep elf annihilators
  9 yellow draconians
  3 dire elephants
  A war gargoyle (Vaults:5)
  A spark wasp (Depths:2)
  4 white draconians
  5 red draconians
  A blizzard demon (Abyss:2)
  2 purple draconians
  An eidolon (Crypt:1)
  4 ettins
  2 fire dragons
  A green death (D:3)
  4 yaktaur captains
  6 jiangshi
  A great orb of eyes (Abyss:2)
  2 deep elf high priests
  9 hydras
  A caustic shrike simulacrum (Crypt:3)
  2 salamander tyrants
  6 vault guards
  A ghost crab (Swamp:2)
  An ogre mage (Vaults:5)
  A centaur warrior (D:13)
  An Orb Guardian zombie (Crypt:2)
  Erica (D:10)
  3 anacondas
  5 alligators
  A death knight (Crypt:3)
  A two-headed ogre (Vaults:5)
  2 spriggan air magi
  An ironbound frostheart (Vaults:4)
  A boulder beetle (Zot:1)
  A deep troll earth mage (Depths:1)
  2 demonic crawlers
  2 hell hogs (Abyss:1)
  2 deep troll shamans
  5 naga warriors
  2 vampire magi (Crypt:1)
  A death yak (Lair:5)
  2 spriggan berserkers
  2 tengu warriors (D:14)
  3 naga sharpshooters
  An orc high priest (Orc:1)
  4 shock serpents
  2 wretched stars
  An iron troll (Zig:3)
  6 hell knights
  A skyshark (Lair:2)
  A fire crab (shapeshifter) (Vaults:5)
  15 skeletal warriors
  A shadow wraith (Vaults:5)
  A sea snake (Snake:4)
  3 mana vipers
  A goliath frog (Swamp:3)
  A flayed ghost (Crypt:3)
  A sixfirhy (Abyss:2)
  6 swamp dragons
  2 deep elf archers
  21 deep trolls
  2 arcanists
  2 bog bodies
  4 phantasmal warriors
  3 ironbound convokers
  3 lindwurms
  An orc knight (Orc:2)
  5 deep elf pyromancers
  7 necromancers
  An eye of devastation (shapeshifter) (Elf:1)
  2 deep elf zephyrmancers (Elf:1)
  2 salamanders
  An orc sorcerer (Orc:1)
  An oklob plant (Zot:4)
  4 moths of wrath
  11 ugly things
  A manticore (D:12)
  A meliai (shapeshifter) (Elf:1)
  2 shining eyes
  A spectral centaur (Crypt:3)
  5 elephants
  2 kobold blastminers (Orc:2)
  4 large abominations
  5 vault sentinels
  7 black mambas
  6 naga magi
  A rust devil (Depths:2)
  A torpor snail (Lair:2)
  A smoke demon (Abyss:2)
  An unseen horror (Bailey)
  3 komodo dragons
  Jeremiah (Lair:1)
  An efreet (Abyss:2)
  2 cane toads
  An alligator snapping turtle skeleton (Crypt:3)
  A hexer (Vaults:5)
  A spectral naga (Crypt:3)
  5 yaktaurs
  2 freezing wraiths
  A kobold demonologist (D:10)
  A tengu conjurer (Depths:1)
  2 trolls (D:10)
  A hellwing (Abyss:2)
  3 hornets
  2 tyrant leeches
  A spriggan zombie (D:15)
  A blink frog (Lair:1)
  2 glass eyes
  11 slime creatures
  2 shadows (Crypt:3)
  3 spriggans (Depths:2)
  A spriggan (shapeshifter) (Elf:1)
  7 yaks
  3 ynoxinuls
  A fire elemental (Elf:1)
  2 golden eyes (Slime:4)
  6 humans (D:14)
  2 steam dragons
  4 basilisks
  2 chaos spawn
  2 neqoxecs
  2 vampire mosquitoes (D:11)
  A redback (shapeshifter) (Elf:1)
  A harpy simulacrum (IceCv)
  2 spatial vortices (Abyss:3)
  11 nagas
  5 swamp worms
  3 water moccasins
  A faun skeleton (Crypt:2)
  3 orc warriors
  2 swamp drakes (Swamp:4)
  4 laughing skulls
  A black bear (Lair:1)
  2 ogres
  2 small abominations (Crypt:3)
  10 starcursed masses
  A swamp dragon skeleton (Crypt:2)
  A kobold brigand (D:10)
  A weeping skull (Abyss:2)
  A bullfrog (Lair:2)
  3 necrophages
  A two-headed ogre simulacrum (IceCv)
  A howler monkey (D:12)
  An orc priest (D:12)
  2 jellies
  4 orc wizards
  A spriggan simulacrum (IceCv)
  A troll simulacrum (IceCv)
  A gnoll (D:6)
  A naga simulacrum (IceCv)
  A shadow imp (D:6)
  4 white imps
  5 ufetubi
  9 orcs
  An aspiring flesh (Zot:1)
  A spectral weapon (Swamp:2)
608 creatures vanquished.

Vanquished Creatures (others)
  A draconian scorcher (Zot:1)
  A purple draconian (Zot:3)
  A bunyip (Swamp:2)
  A vault guard (D:14)
  2 alligators (Swamp:2)
  A spriggan berserker (Swamp:4)
  A deep elf knight (Elf:2)
  A skeletal warrior (Crypt:1)
  A goliath frog (Swamp:2)
  A bog body (Swamp:2)
  A naga mage (Snake:3)
  3 bloated husks (Swamp:2)
  A water elemental (Elf:1)
  A swamp worm (Swamp:2)
  2 orc warriors (Orc:2)
  A swamp drake (Swamp:4)
  An ogre (Orc:2)
  A centaur (Orc:2)
  4 ancestors
  76 hexers
  A lurking horror (Abyss:1)
  9 starspawn tentacles
112 creatures vanquished.

Grand Total: 2530 creatures vanquished

Notes
Turn   | Place    | Note
-------+----------+-------------------------------------------
     0 | D:1      | Amplified the Demonspawn Hunter began the quest for the
                  | Orb.
     0 | D:1      | Reached XP level 1. HP: 16/16 MP: 1/1
   265 | D:1      | Gained mutation: You have sharp fingernails. [demonic
                  | ancestry]
   265 | D:1      | Reached XP level 2. HP: 23/23 MP: 2/2
   608 | D:3      | Reached XP level 3. HP: 28/28 MP: 3/3
   907 | D:4      | Reached skill level 1 in Stealth
  1211 | D:4      | Noticed a steam dragon
  1255 | D:3      | Gained mutation: A weak demonic guardian rushes to your
                  | aid. [demonic ancestry]
  1255 | D:3      | Reached XP level 4. HP: 31/35 MP: 4/4
  1536 | D:3      | Found a basalt altar of Yredelemnul.
  2180 | D:2      | Gained mutation: Spells you cast may paralyse adjacent
                  | enemies. [demonic ancestry]
  2180 | D:2      | Reached XP level 5. HP: 41/41 MP: 5/5
  2508 | D:4      | You fall into a shaft and drop 1 floor!
  2508 | D:5      | Entered Level 5 of the Dungeon
  2703 | D:5      | Found a glowing drain.
  2712 | Sewer    | Entered a sewer
  2772 | Sewer    | Reached skill level 5 in Ranged Weapons
  2772 | Sewer    | Gained mutation: Spells you cast may paralyse nearby
                  | enemies. [demonic ancestry]
  2772 | Sewer    | Reached XP level 6. HP: 48/48 MP: 6/6
  3006 | D:5      | Reached XP level 7. HP: 29/55 MP: 7/7
  3079 | D:5      | Reached skill level 5 in Fighting
  3119 | D:5      | Reached skill level 5 in Dodging
  3763 | D:6      | Reached XP level 8. HP: 64/64 MP: 8/8
  4303 | D:6      | Found Megudol's Weapon Emporium.
  4742 | D:6      | Found a sacrificial altar of Ru.
  5726 | D:6      | Found a hide-covered altar of Uskayaw.
  5726 | D:6      | Found an ornate altar of the Wu Jian Council.
  5818 | D:7      | Gained mutation: A demonic guardian rushes to your aid.
                  | [demonic ancestry]
  5818 | D:7      | Reached XP level 9. HP: 72/72 MP: 9/9
  6024 | D:7      | Noticed Dowan
  6045 | D:6      | Found an iron altar of Okawaru.
  6066 | D:7      | Killed Dowan
  6494 | D:7      | Found a shimmering altar of Xom.
  6599 | D:7      | Reached skill level 1 in Maces & Flails
  6751 | D:7      | Noticed Duvessa
  6809 | D:7      | Killed Duvessa
  6921 | D:7      | Found a staircase to the Ecumenical Temple.
  6948 | Temple   | Entered the Ecumenical Temple
  6957 | Temple   | Became a worshipper of Hepliaklqana the Forgotten
  7071 | D:8      | Noticed Joseph
  7088 | D:8      | Killed Joseph
  7089 | D:8      | Reached skill level 1 in Invocations
  7721 | D:8      | Reached skill level 10 in Dodging
  7724 | D:8      | Gained mutation: You have very sharp fingernails. [demonic
                  | ancestry]
  7724 | D:8      | Reached XP level 10. HP: 77/82 MP: 12/12
  7950 | D:9      | Noticed Pikel
  7974 | D:9      | Killed Pikel
  8055 | D:9      | Reached * piety under Hepliaklqana
  8129 | D:9      | Found a broken altar of Ashenzari.
  8139 | D:9      | Reached skill level 5 in Invocations
  8303 | D:9      | Noticed a centaur warrior
  8303 | D:9      | Noticed a two-headed ogre
  8305 | D:9      | Identified the +1 broad axe of the Ancients {holy, rPois
                  | rCorr Str-4 Dex+5}
  8305 | D:9      | Noticed a boulder beetle
  8378 | D:9      | Noticed a purple ugly thing
  8400 | D:9      | Killed a purple ugly thing
  8440 | D:9      | Found a flagged portal.
  8445 | D:9      | Noticed a cyclops
  8452 | Bailey   | Entered a bailey
  8666 | Bailey   | Reached skill level 5 in Maces & Flails
  8690 | Bailey   | Noticed an orc knight
  8755 | Bailey   | Identified the +1 pair of gloves of Negation {Dex+7}
  8767 | Bailey   | Identified the +2 dagger of Quofum {venom, +Blink Str-2
                  | SInv Stlth+}
  8769 | Bailey   | Identified the +1 plate armour of Zenippai {Harm rF+ Str+2}
  8782 | Bailey   | an orc knight changed into something unseen
  8966 | D:9      | Gained mutation: You have claws for hands. [demonic
                  | ancestry]
  8966 | D:9      | Reached XP level 11. HP: 56/80 MP: 16/16
  9113 | D:9      | Found the +2 hat of the Bear Spirit {Spirit, Bear, *Rage
                  | Will++}
  9127 | D:9      | Identified the +5 executioner's axe "Fodd" {pain, *Corrode
                  | rPois rC+++}
  9135 | D:9      | Identified the staff "Ladoischi" {Dex+6 Conj}
  9169 | D:9      | Noticed a boulder beetle
  9240 | D:10     | Entered Level 10 of the Dungeon
  9243 | D:10     | Reached ** piety under Hepliaklqana
  9245 | D:10     | Remembered your ancestor Ealamassi as a hexer
  9294 | D:10     | Noticed Harold
  9341 | D:10     | Noticed Erica
  9350 | D:10     | Killed Erica
 10009 | D:10     | Reached skill level 10 in Fighting
 10445 | D:11     | Found a staircase to the Lair.
 10537 | D:11     | Noticed a green ugly thing
 10547 | D:11     | Killed a green ugly thing
 10611 | D:11     | Noticed a boulder beetle
 10634 | D:11     | Killed a boulder beetle
 10756 | D:12     | Reached *** piety under Hepliaklqana
 10774 | D:12     | Found a staircase to the Orcish Mines.
 10786 | Orc:1    | Entered Level 1 of the Orcish Mines
 10786 | Orc:1    | Noticed an orc high priest
 10786 | Orc:1    | Noticed an orc sorcerer
 10786 | Orc:1    | Noticed an orc sorcerer
 10788 | Orc:1    | Noticed a soul eater
 10826 | D:12     | Noticed a two-headed ogre
 10834 | D:12     | Killed a two-headed ogre
 11025 | D:12     | Found Kuriefeo's Jewellery Shop.
 11176 | D:12     | Noticed a four-headed hydra
 11182 | D:12     | Killed a four-headed hydra
 11183 | D:12     | Reached XP level 12. HP: 89/89 MP: 19/19
 11378 | D:12     | Reached skill level 10 in Invocations
 11461 | Lair:1   | Entered Level 1 of the Lair of Beasts
 11782 | Lair:1   | Noticed Jeremiah
 11790 | Lair:1   | Killed Jeremiah
 11794 | Lair:1   | Noticed Maggie
 11804 | Lair:1   | Killed Maggie
 11854 | Lair:1   | Noticed Urug
 11855 | Lair:1   | Urug changed into Urug the guardian serpent
 11855 | Lair:1   | Noticed Urug
 11862 | Lair:1   | Killed Urug the guardian serpent
 12125 | Lair:1   | Reached **** piety under Hepliaklqana
 13222 | Lair:2   | Found a staircase to the Swamp.
 13374 | Lair:2   | Found a runed translucent door.
 13652 | Lair:2   | Reached skill level 1 in Axes
 14018 | Lair:2   | Reached ***** piety under Hepliaklqana
 14070 | Lair:2   | Noticed Rupert
 14580 | Lair:3   | Reached XP level 13. HP: 97/97 MP: 22/22
 14640 | Lair:3   | Found a staircase to the Snake Pit.
 14785 | Lair:3   | Identified the +2 trident "Vupp" {spect, rPois rCorr Dex-5
                  | Stlth+}
 15848 | Lair:5   | Entered Level 5 of the Lair of Beasts
 16093 | D:6      | Bought the +12 broad axe of Articulation {antimagic, rF+
                  | Str+2} for 1082 gold pieces
 16201 | D:10     | Killed Harold
 16748 | Orc:2    | Entered Level 2 of the Orcish Mines
 16753 | Orc:2    | Reached skill level 5 in Axes
 16771 | Orc:2    | Found a frozen archway.
 16777 | IceCv    | Entered an ice cave
 16906 | IceCv    | Identified the +8 eveningstar "Fagef" {drain, *Corrode
                  | rPois rC++ rN+}
 17390 | IceCv    | Noticed a reaper
 17617 | IceCv    | Killed a reaper
 18499 | Orc:2    | Found a staircase to the Elven Halls.
 18514 | Orc:2    | Gained mutation: You are surrounded by a mild repulsion
                  | field. (EV +2) [demonic ancestry]
 18514 | Orc:2    | Reached XP level 14. HP: 91/106 MP: 5/24
 18595 | Orc:2    | Found Uptiqess's Armour Emporium.
 18595 | Orc:2    | Found Bikkipn's Book Shop.
 18597 | Orc:2    | Found Agoleam's Jewellery Boutique.
 18599 | Orc:2    | Found Araureepp's Antique Weapon Shoppe.
 18616 | Orc:2    | Bought the ring of Greed {rC+ rN+ AC+4 Dex+2} for 700 gold
                  | pieces
 18642 | Orc:2    | Noticed Josephine
 18652 | Orc:2    | Killed Josephine
 19262 | D:13     | Reached ****** piety under Hepliaklqana
 19730 | D:14     | Reached skill level 15 in Invocations
 19835 | D:14     | Reached skill level 1 in Shields
 20001 | D:14     | Found a radiant altar of Vehumet.
 20165 | D:14     | Found a gate to the Vaults.
 20701 | D:15     | Entered Level 15 of the Dungeon
 20775 | D:15     | Found Fefae's Pet Rocks.
 21253 | D:15     | Found a staircase to the Depths.
 21308 | D:15     | Reached XP level 15. HP: 34/114 MP: 7/27
 22411 | Lair:5   | Reached skill level 5 in Shields
 22419 | Lair:5   | Reached skill level 15 in Fighting
 22689 | Lair:5   | Found a staircase to the Slime Pits.
 22690 | Lair:5   | Found a viscous altar of Jiyva.
 22874 | Lair:5   | Found a large runed translucent door.
 22874 | Lair:5   | Found a large runed translucent door.
 23709 | Snake:1  | Entered Level 1 of the Snake Pit
 23841 | Swamp:1  | Entered Level 1 of the Swamp
 23841 | Swamp:1  | Noticed a thorn hunter
 23994 | Elf:1    | Entered Level 1 of the Elven Halls
 24160 | Elf:1    | Reached skill level 10 in Axes
 24854 | Elf:1    | Reached XP level 16. HP: 124/124 MP: 7/28
 25004 | Elf:1    | Found Zyutaschiy's Magic Scroll Shoppe.
 25083 | Elf:1    | Got Niwnotexku's Almanac of Argyropoeia
 25454 | D:12     | Bought the ring "Qinitrav" {rElec rC- Will+ Str+5 Dex+6}
                  | for 1004 gold pieces
 25576 | Swamp:1  | Killed a thorn hunter
 27044 | Snake:1  | Found a broken altar of Ashenzari.
 27381 | Snake:1  | Found a large runed translucent door.
 27391 | Snake:1  | Found a large runed translucent door.
 27396 | Snake:1  | Noticed Ekep's ghost (adept GrEE)
 27441 | Snake:1  | Killed Ekep's ghost
 27971 | Snake:2  | Noticed Donald
 27992 | Snake:2  | Killed Donald
 28156 | Snake:2  | Found a blossoming altar of Fedhas.
 29357 | Snake:2  | Learned a level 2 spell: Lesser Beckoning
 29492 | Snake:3  | Reached skill level 1 in Translocations
 29748 | Snake:3  | Noticed Vashnia
 29767 | Snake:3  | Killed Vashnia
 29768 | Snake:3  | Gained mutation: Spells you cast and wands you use may
                  | paralyse nearby enemies. [demonic ancestry]
 29768 | Snake:3  | Reached XP level 17. HP: 75/130 MP: 10/30
 30182 | Snake:3  | Found a basalt altar of Yredelemnul.
 30410 | Snake:3  | Found Bewnaylixt's Book Emporium.
 30410 | Snake:3  | Found Sotwot's Jewellery Shop.
 30411 | Snake:3  | Found Paama's Jewellery Shop.
 30445 | Snake:4  | Entered Level 4 of the Snake Pit
 30872 | Snake:4  | Reached skill level 10 in Shields
 31373 | Snake:4  | Reached skill level 5 in Translocations
 31667 | Snake:4  | Got a serpentine rune of Zot
 31716 | Snake:4  | Upgraded the game from 0.31-a0-1581-g41d5ff3e7b to
                  | 0.31-a0-1591-g515db51633
 32387 | Swamp:2  | Found a runed translucent gate.
 32387 | Swamp:2  | Found a runed translucent gate.
 32388 | Swamp:2  | Found a runed translucent gate.
 32390 | Swamp:2  | Noticed haldagan's ghost (adept MiAl)
 32390 | Swamp:2  | Found the sphere of Battle
 32480 | Swamp:3  | Noticed a tentacled monstrosity
 32502 | Swamp:3  | Killed a tentacled monstrosity
 32768 | Swamp:3  | Noticed a tentacled monstrosity
 32788 | Swamp:3  | Killed a tentacled monstrosity
 32789 | Swamp:3  | Reached XP level 18. HP: 117/136 MP: 10/31
 33004 | Swamp:4  | Entered Level 4 of the Swamp
 33004 | Swamp:4  | Noticed a tentacled monstrosity
 33012 | Swamp:3  | Killed a tentacled monstrosity
 33030 | Swamp:4  | Noticed a tentacled monstrosity
 33040 | Swamp:4  | Killed a tentacled monstrosity
 33170 | Swamp:4  | Noticed Roxanne
 33193 | Swamp:4  | Killed Roxanne
 33656 | Swamp:4  | Reached skill level 15 in Axes
 34243 | Swamp:4  | Got a decaying rune of Zot
 34466 | Lair:2   | Killed Rupert
 34684 | Vaults:1 | Entered Level 1 of the Vaults
 34692 | Vaults:1 | Found the ring of the Hare {EV+10}
 35251 | Vaults:2 | Noticed Jory
 35271 | Vaults:2 | Killed Jory
 36016 | Vaults:2 | Reached XP level 19. HP: 137/142 MP: 10/32
 36352 | Vaults:3 | Found Appeali's Distillery.
 36362 | Vaults:3 | Bought a potion of might for 72 gold pieces
 36362 | Vaults:3 | Bought a potion of curing for 54 gold pieces
 36362 | Vaults:3 | Bought a potion of might for 72 gold pieces
 36362 | Vaults:3 | Bought a potion of haste for 180 gold pieces
 36362 | Vaults:3 | Bought a potion of mutation for 144 gold pieces
 36362 | Vaults:3 | Bought a potion of invisibility for 144 gold pieces
 36362 | Vaults:3 | Bought a potion of invisibility for 144 gold pieces
 36689 | Vaults:3 | Noticed Zenata
 36701 | Vaults:3 | Killed Zenata
 37298 | Vaults:3 | Found a staircase to the Crypt.
 39231 | Elf:2    | Found a runed translucent gate.
 39232 | Elf:2    | Found a runed translucent gate.
 39232 | Elf:2    | Found a runed translucent gate.
 39346 | Elf:3    | Entered Level 3 of the Elven Halls
 39410 | Elf:3    | Found a shimmering blue altar of Sif Muna.
 39424 | Elf:3    | Gained mutation: You are surrounded by a moderate repulsion
                  | field. (EV +3) [demonic ancestry]
 39424 | Elf:3    | Reached XP level 20. HP: 153/153 MP: 11/33
 39480 | Elf:3    | Found Jouvoorgh's Self-Improvement Boutique.
 39739 | Elf:3    | Noticed Louise
 39752 | Elf:3    | Killed Louise
 40237 | Elf:3    | Identified the ring of the Failed Coup {Fly rF+ rN+}
 40417 | Elf:3    | Identified the ring "Xiciku" {+Blink Will+++ rCorr MP-9
                  | Dex+6}
 40653 | Elf:3    | Got the Secrets of Hyperborean Spectres
 40744 | Elf:3    | Identified the +5 trident "Eshruv" {flame, rC+ rN+ Will+
                  | Int-3}
 40777 | Elf:3    | Identified the +8 orcbow "Foeps" {drain, rPois Will- Dex+3}
 40812 | Elf:3    | Identified the +0 robe of Mil Ypypeu {rF- rCorr Slay+2}
 41289 | Vaults:1 | Reached skill level 1 in Armour
 41729 | Vaults:1 | Paralysed by a formless jellyfish for 1 turns
 42136 | Vaults:1 | Identified the +5 sling "Duxtoffi" {drain, rF+ Str+3 SInv}
 43088 | Crypt:1  | Entered Level 1 of the Crypt
 43180 | Crypt:1  | Reached skill level 15 in Shields
 43397 | Crypt:2  | Identified the orb "Isukh" {light, -Tele rPois rF- Fire}
 43397 | Crypt:2  | Noticed Frederick
 43415 | Crypt:2  | Reached skill level 5 in Armour
 43415 | Crypt:2  | Gained mutation: You are surrounded by a strong repulsion
                  | field. (EV +4, RMsl) [demonic ancestry]
 43415 | Crypt:2  | Reached XP level 21. HP: 27/163 MP: 7/34
 43416 | Crypt:2  | Killed Frederick
 43723 | Crypt:2  | Found an ancient bone altar of Kikubaaqudgha.
 43780 | Crypt:3  | Entered Level 3 of the Crypt
 43964 | Crypt:3  | Found a basalt altar of Yredelemnul.
 44102 | Crypt:3  | Found a staircase to the Tomb.
 44119 | Crypt:3  | Got an ivory gem with 814 turns to spare
 44239 | Crypt:3  | Identified the ring "Vatrej" {rN+ rCorr MP-9 Str+3 Int+4}
 44239 | Crypt:3  | Identified the ring "Kydayc" {rF+++ rC- rN+ Will+++ Str+3}
 44326 | Crypt:3  | Identified the amulet "Koipsig" {RegenMP rElec Will+ Str-2
                  | Dex+5}
 44359 | Crypt:3  | Got the Anthology of Skepticism
 44445 | Crypt:3  | Noticed a profane servitor
 44460 | Crypt:3  | Killed a profane servitor
 45077 | Snake:3  | Bought the amulet "Luupy" {Acrobat Str+2 Slay+2} for 942
                  | gold pieces
 45373 | Depths:1 | Entered Level 1 of the Depths
 45385 | Depths:1 | Found a one-way gateway to a ziggurat.
 45415 | Depths:1 | Found a gateway to Hell.
 45748 | Depths:1 | Found a runed translucent door.
 45749 | Depths:1 | Noticed Bizboz's ghost (journeyman DjAl)
 45777 | Depths:1 | Killed Bizboz's ghost
 45818 | Depths:1 | Found a hide-covered altar of Uskayaw.
 46030 | Depths:1 | Identified the +5 flail of the Floral God {spect, rPois
                  | rC+++ Str-4 Stlth+}
 46558 | Depths:2 | Gained mutation: Your magical and physical power is
                  | slightly enhanced at high health. [demonic ancestry]
 46558 | Depths:2 | Reached XP level 22. HP: 171/174 MP: 11/35
 46696 | Depths:2 | Identified the +3 shadow dragon scales of Slimy
                  | Intercession {rN+ Will++ Str+2 Int-4 Stlth++++}
 46882 | Depths:2 | Found a one-way gate leading to the halls of Pandemonium.
 47337 | Depths:4 | Entered Level 4 of the Depths
 47359 | Depths:4 | Found Xyuvank's Armour Boutique.
 47370 | Depths:4 | Found Qystre's Book Boutique.
 47581 | Depths:4 | Reached skill level 10 in Armour
 47655 | Depths:4 | Found a gate to the Realm of Zot.
 47704 | Depths:4 | Got a midnight gem with 750 turns to spare
 47728 | Depths:4 | Found a one-way gate to the infinite horrors of the Abyss.
 48267 | Depths:3 | Noticed a golden dragon
 48280 | Depths:3 | Killed a golden dragon
 48465 | Depths:3 | Lost the midnight gem through the power of Zot.Gained a
                  | life (12 lives remaining)
 48477 | Depths:3 | Noticed a caustic shrike
 48477 | Depths:3 | Noticed a caustic shrike
 48478 | Depths:3 | Noticed a caustic shrike
 48805 | Depths:2 | Identified the +8 falchion of the Mosquito {freeze, rF++
                  | MP+9}
 49403 | Vaults:4 | Reached skill level 1 in Spellcasting
 49552 | Vaults:4 | Gained mutation: Your magical and physical power is
                  | enhanced at high health. [demonic ancestry]
 49552 | Vaults:4 | Reached XP level 23. HP: 182/182 MP: 12/36
 49797 | Vaults:4 | Found Nagger Goff's Magic Scroll Emporium.
 49896 | Vaults:4 | Found a transporter.
 49907 | Vaults:4 | Found a transporter.
 49954 | Vaults:4 | Identified the ring of the Sun {Int+7 Dex-3 SInv}
 50223 | Vaults:5 | Entered Level 5 of the Vaults
 50567 | Vaults:5 | Noticed Bai Suzhen
 50573 | Vaults:5 | Reached skill level 5 in Spellcasting
 50596 | Vaults:5 | Killed Bai Suzhen
 50647 | Vaults:5 | Found Didghera's General Store.
 50651 | Vaults:5 | Found Nayxaq's Jewellery Shop.
 50880 | Vaults:5 | Noticed a dread lich
 50890 | Vaults:5 | Killed a dread lich
 50974 | Vaults:5 | Identified the +1 chain mail of Bright Amelioration {*Slow
                  | rF+++ rN+ Dex-3}
 51181 | Vaults:5 | Noticed an ancient lich
 51191 | Vaults:5 | Killed an ancient lich
 51385 | Vaults:5 | Got a silver rune of Zot
 51418 | Vaults:5 | Noticed Sojobo
 51424 | Vaults:5 | Paralysed by an air elemental for 1 turns
 51425 | Vaults:5 | Killed Sojobo
 52159 | Vaults:5 | Identified the staff "Ugivoq" {+Blink rElec rPois Int-2
                  | Dex+5 Alchemy}
 52309 | Vaults:5 | Gained mutation: A powerful demonic guardian rushes to your
                  | aid. [demonic ancestry]
 52309 | Vaults:5 | Reached XP level 24. HP: 169/192 MP: 12/36
 52550 | Vaults:5 | Bought the ring "Kifa" {rN+ Str+3 Int-4 Dex+3 SInv} for 389
                  | gold pieces
 52891 | Zig:1    | Entered Level 1 of a ziggurat
 52916 | Zig:2    | Entered Level 2 of a ziggurat
 52940 | Zig:3    | Entered Level 3 of a ziggurat
 52969 | Zig:3    | Identified the +5 whip "Hokk" {flame, rPois Str-2 Int+4
                  | Dex+5}
 52974 | Zig:4    | Entered Level 4 of a ziggurat
 53016 | Zig:5    | Entered Level 5 of a ziggurat
 53033 | Zig:5    | Identified the ring "Xaups" {^Contam rPois rF+ Str+4 Int+7}
 53086 | Zig:6    | Entered Level 6 of a ziggurat
 53109 | Zig:6    | Identified the ring of Greed {Will+ MP+9}
 53314 | Zig:7    | Entered Level 7 of a ziggurat
 53350 | Zig:7    | Identified the ring of Raezanab {rC+ rCorr Dex+2}
 53356 | Zig:7    | Got the Papyrus of Supportive Hail
 53456 | Zot:1    | Entered Level 1 of the Realm of Zot
 54787 | Zot:2    | Noticed a Killer Klown
 54801 | Zot:2    | Killed a Killer Klown
 56443 | Zot:3    | Reached XP level 25. HP: 202/202 MP: 12/37
 56533 | Zot:3    | Learned a level 3 spell: Frozen Ramparts
 57167 | Zot:3    | Noticed an orb of fire
 57172 | Zot:3    | Killed an orb of fire
 57630 | Zot:4    | Noticed a Killer Klown
 57640 | Zot:4    | Killed a Killer Klown
 58247 | Zot:4    | Noticed an orb of fire
 58256 | Zot:4    | Killed an orb of fire
 59596 | Zot:5    | Entered Level 5 of the Realm of Zot
 60574 | Slime:1  | Entered Level 1 of the Pits of Slime
 60583 | Slime:1  | Gained mutation: You occasionally shout uncontrollably at
                  | your foes. [a shining eye]
 60586 | Slime:1  | Reached XP level 26. HP: 212/212 MP: 12/39
 60647 | Slime:3  | Gained mutation: You frequently scream uncontrollably at
                  | your foes. [a shining eye]
 60696 | Slime:5  | Entered Level 5 of the Pits of Slime
 60730 | Slime:5  | Gained mutation: Your body sometimes deteriorates upon
                  | taking damage. [a shining eye]
 60801 | Slime:5  | Noticed the Royal Jelly
 60862 | Slime:5  | Found a viscous altar of Jiyva.
 60923 | Slime:5  | Found the Hermit's Pendant {Faith Invo=14 Evo=0 MP+5}
 61003 | Slime:5  | Killed the Royal Jelly
 61034 | Slime:5  | Identified the ring "Fitwekk" {rElec rN++ Int+2 Dex+6
                  | Stlth-}
 61035 | Slime:5  | Got a starry gem with 192 turns to spare
 61037 | Slime:5  | Got a slimy rune of Zot
 61040 | Slime:5  | Got the Quarto of Petrified Bad Luck
 61128 | Slime:5  | Identified the +4 tower shield of Dotsonty {rElec Int+3
                  | SInv}
 61134 | Slime:5  | Identified the +2 pair of gloves of Watchfulness {rC++
                  | Regen+ Int-4 SInv}
 61140 | Slime:5  | Identified the +5 war axe "Fypnatub" {venom, *Rage +Blink
                  | Str+2}
 61182 | Slime:5  | Identified the ring of Devotion {rElec rN+}
 61227 | Slime:5  | Lost the starry gem through the power of Zot.Gained a life
                  | (8 lives remaining)
 61628 | Depths:3 | Voluntarily entered the Abyss.
 61668 | Abyss:1  | Found a corrupted altar of Lugonu.
 61747 | Abyss:1  | Found a corrupted altar of Lugonu.
 61877 | Abyss:1  | Lost mutation: You frequently scream uncontrollably at your
                  | foes. [potion of mutation]
 61877 | Abyss:1  | Lost mutation: You occasionally shout uncontrollably at
                  | your foes. [potion of mutation]
 61877 | Abyss:1  | Lost mutation: Your body sometimes deteriorates upon taking
                  | damage. [potion of mutation]
 61877 | Abyss:1  | Gained mutation: Your magical capacity is low. (-10% MP)
                  | [potion of mutation]
 61877 | Abyss:1  | Gained mutation: You have sharp toenails. [potion of
                  | mutation]
 61889 | Abyss:1  | Found a corrupted altar of Lugonu.
 61890 | Abyss:1  | Found a corrupted altar of Lugonu.
 61890 | Abyss:1  | Found a corrupted altar of Lugonu.
 61932 | Abyss:2  | Found a corrupted altar of Lugonu.
 61977 | Abyss:2  | Noticed an ancient lich
 61985 | Abyss:2  | Killed an ancient lich
 62012 | Abyss:2  | Found a corrupted altar of Lugonu.
 62116 | Abyss:2  | Found a corrupted altar of Lugonu.
 62352 | Abyss:2  | Found a corrupted altar of Lugonu.
 62424 | Abyss:2  | Paralysed by accursed screaming for 2 turns
 62455 | Abyss:2  | Gained mutation: You do not regenerate when monsters are
                  | visible. [a neqoxec]
 62464 | Abyss:3  | Found a corrupted altar of Lugonu.
 62504 | Abyss:3  | Lost mutation: You do not regenerate when monsters are
                  | visible. [potion of mutation]
 62504 | Abyss:3  | Lost mutation: You have sharp toenails. [potion of
                  | mutation]
 62504 | Abyss:3  | Gained mutation: You are dopey. (Int -2) [potion of
                  | mutation]
 62504 | Abyss:3  | Gained mutation: You are weak. (Str -2) [potion of
                  | mutation]
 62504 | Abyss:3  | Gained mutation: You have a pair of small horns on your
                  | head. [potion of mutation]
 62504 | Abyss:3  | Gained mutation: You have hidden genetic potential. [potion
                  | of mutation]
 62505 | Abyss:3  | Lost mutation: You are dopey. (Int -2) [potion of mutation]
 62505 | Abyss:3  | Lost mutation: You have hidden genetic potential. [potion
                  | of mutation]
 62509 | Abyss:3  | Lost mutation: Your magical capacity is low. (-10% MP)
                  | [potion of mutation]
 62509 | Abyss:3  | Lost mutation: You have a pair of small horns on your head.
                  | [potion of mutation]
 62509 | Abyss:3  | Lost mutation: You are weak. (Str -2) [potion of mutation]
 62509 | Abyss:3  | Gained mutation: Your muscles are strong. (Str +4, Int/Dex
                  | -1) [potion of mutation]
 62535 | Abyss:3  | Found a corrupted altar of Lugonu.
 62545 | Abyss:3  | Got an abyssal rune of Zot
 62660 | Depths:3 | Escaped the Abyss
 63073 | Zot:5    | Noticed a dread lich
 63083 | Zot:5    | Killed a dread lich
 63084 | Zot:5    | Reached skill level 27 in Invocations
 63088 | Zot:5    | Noticed an orb of fire
 63089 | Zot:5    | Gained mutation: Your spells are a little easier to cast,
                  | but a little less powerful. [an orb of fire]
 63153 | Zot:5    | Gained mutation: You occasionally lose the ability to read
                  | scrolls when taking damage. [an orb of fire]
 63174 | Zot:5    | Gained mutation: You are dopey. (Int -2) [an orb of fire]
 63175 | Zot:5    | Killed an orb of fire
 63177 | Zot:5    | Lost mutation: Your muscles are strong. (Str +4, Int/Dex
                  | -1) [potion of mutation]
 63177 | Zot:5    | Lost mutation: You occasionally lose the ability to read
                  | scrolls when taking damage. [potion of mutation]
 63177 | Zot:5    | Lost mutation: Your spells are a little easier to cast, but
                  | a little less powerful. [potion of mutation]
 63177 | Zot:5    | Gained mutation: Your magical capacity is low. (-10% MP)
                  | [potion of mutation]
 63177 | Zot:5    | Lost mutation: You are dopey. (Int -2) [potion of mutation]
 63269 | Zot:5    | Noticed a dread lich
 63277 | Zot:5    | Killed a dread lich
 63391 | Zot:5    | Learned a level 1 spell: Apportation
 63394 | Zot:5    | Learned a level 2 spell: Blink
 63453 | Zot:5    | Gained mutation: Your magical and physical power is greatly
                  | enhanced at high health. [demonic ancestry]
 63453 | Zot:5    | Reached XP level 27. HP: 221/221 MP: 12/36
 63509 | Zot:5    | Got the Orb of Zot
 63510 | Zot:5    | Noticed Hetucu the pandemonium lord
 63539 | Zot:5    | Noticed an orb of fire
 63541 | Zot:5    | Killed Hetucu the pandemonium lord
 63549 | Zot:5    | Gained mutation: You occasionally lose the ability to read
                  | scrolls when taking damage. [an orb of fire]
 63549 | Zot:5    | Killed an orb of fire
 64112 | D:6      | Reached skill level 27 in Fighting
 64199 | D:3      | Noticed Litoul the pandemonium lord
 64226 | D:3      | Killed Litoul the pandemonium lord
 64302 | D:$      | Escaped with the Orb!

Illustrated notes

Levels and vault maps discovered:
D:1:      minmay_arrival_stone_box, layout_rooms, minmay_liquid_box
D:2:      layout_loops_ring, kennysheep_nub
D:3:      layout_basic, lemuel_coloured_pillars_altar, tso_metal_star,
          serial_bayou_crossing
D:4:      layout_gridville
D:5:      layout_basic, portal_sewer_entry_d, minmay_manual_monstrance
D:6:      layout_layer_cave, mainiacjoe_overflow_chevrons,
          nicolae_overflow_hidden_temple, serial_shops, shop,
          minmay_tree_intersection, dk_vineyard_1
D:7:      layout_basic, mainiacjoe_overflow_brackets,
          minmay_temple_entry_nine_rooms, uniq_duvessa
D:8:      layout_basic, skrybe_limestone_x, uniq_joseph
D:9:      minmay_the_grid_octo_triangle [minmay_the_grid_octo_odd_swirl,
          minmay_the_grid_octo_prize_ultimate_mussel_roller,
          minmay_the_grid_octo_toaster], layout_irregular_city,
          nemelex_diamond_rough_becter, nicolae_ashenzari_skybound,
          enter_bailey_5, uniq_pikel
D:10:     layout_loops_ring, corexii_hall_statues_s, uniq_erica, uniq_harold
D:11:     layout_long_grid, lair_entry_dummy, kennysheep_generic_room_4
D:12:     layout_roguey, orc_0_dummy, serial_shops,
          nicolae_shop_tiny_real_fake_doors
D:13:     layout_irregular_city, drop_trap
D:14:     layout_grid_maze, grunt_vaults_entry_tiered, minmay_holes,
          nicolae_vehumet_radiance
D:15:     gammafunk_depths_entry_grave, layout_stronghold,
          nicolae_zig_zag_zippers, serial_rivers,
          chequers_serial_rivers_micro_b, chequers_serial_rivers_micro_c,
          chequers_serial_rivers_small_a, chequers_serial_rivers_micro_a,
          guppyfry_shop_earth
Temple:   hellmonk_temple_flake
Lair:1:   layout_layer_cave, serial_forest, infiniplex_forest_lined_2,
          infiniplex_forest_diagonal, infiniplex_forest_end_double,
          infiniplex_forest_lined_ring, infiniplex_forest_end_1,
          infiniplex_forest_zigzag_1, infiniplex_forest_lined_corner, uniq_urug,
          uniq_maggie, uniq_jeremiah
Lair:2:   layout_hall_layers, minmay_swamp_entry_worms,
          pdpol_lair_cabin_in_the_woods
Lair:3:   layout_regular_city, guppyfry_snake_entry_garden,
          dreamdust_deal_with_the_devil, chequers_serial_rivers_small_3
Lair:4:   layout_loops_ring, serial_bayou_shore_b
Lair:5:   cheibrodos_lair_end_hotspot, layout_loops_ring,
          nicolae_slime_entry_slimehenge, lemuel_old_faithful
Swamp:1:  layout_falls_marsh, evilmike_swamp_ruin_house_2
Swamp:2:  layout_falls_marsh, gammafunk_ghost_necromancy,
          nicolae_swamp_stair_fork, swamp_pool_1_2, nicolae_swamp_tree_isthmus
Swamp:3:  layout_falls_marsh, evilmike_swamp_ruin_rubble_2, swamp_pool_3
Swamp:4:  swamp_basic_johnstein, layout_basic_swamp, uniq_roxanne
Snake:1:  layout_misc_corridors, basic_altar, ebering_ghost_disaster_area,
          serial_library_hellmonk_layered_room
Snake:2:  layout_layer_cave, basic_altar, nicolae_snake_mages_go_home,
          uniq_donald
Snake:3:  layout_gridlike, basic_altar, minmay_shop_grove, uniq_vashnia
Snake:4:  minmay_snake_end_coiled, layout_cave_town, grunt_megastairs_3,
          serial_bayou_shore_a, lemuel_fruit_tree
Slime:1:  layout_caves
Slime:2:  layout_caves
Slime:3:  layout_caves
Slime:4:  layout_caves
Slime:5:  slime_pit_nicolae_trefoil
Orc:1:    layout_caves
Orc:2:    st_orc_rangers, layout_caves, basic_altar, portal_ice_cave_entry_imps,
          lemuel_statue_altar, uniq_josephine
Elf:1:    elf_arrival_002, layout_gridlike, serial_shops, shop,
          nicolae_elf_shapeshifter_party, chequers_big_river
Elf:2:    nicolae_elf_blades_crystal_corner, layout_geoelf_octagon
Elf:3:    minmay_elf_hall_not_hex, layout_loops_cross, basic_altar,
          nicolae_shop_self_help, uniq_louise
Vaults:1: vaults_mumra_bighexcomb, vaults_room_large_hall,
          nicolae_vaults_trapezoid_lopsided_4, v_misc_32,
          serial_library_hellmonk_semicircle, vaults_dpeg_hooks,
          nicolae_vaults_storage_closets_3, hangedman_vaults_snaps, v_misc_2,
          dpeg_vaults_monster_box, nicolae_vaults_octothorpe,
          layout_vaults_omnigrid
Vaults:2: vaults_room_pool, nicolae_vaults_corridor_and_loot_room,
          nicolae_vaults_apartment_2, nicolae_vaults_closet_pinwheel_3,
          nicolae_vaults_border_crossing, vaults_room_fours, vaults_dpeg_cross,
          layout_vaults_big_room, uniq_jory
Vaults:3: v_misc_31, v_misc_19, ontoclasm_vaults_claustrophobia, v_misc_26,
          v_rooms_2, v_misc_3, v_misc_9, minmay_crypt_entry_simple_round,
          nicolae_vaults_doubleplus_tesselated, v_misc_19,
          nicolae_vaults_trapezoid_lopsided_3,
          nicolae_vaults_variable_pillar_hall, vaults_dpeg_ring,
          layout_vaults_omnicross, serial_shops, shop, uniq_zenata
Vaults:4: gammafunk_sealed_arena, nicolae_vaults_little_squares_1,
          hangedman_vaults_nails, grunt_vaults_diagonal, nicolae_vaults_theta,
          v_pattern_4, v_alt_pattern_6, v_misc_11, v_misc_18, minmay_orc_keep,
          nicolae_vaults_apartment_2, layout_vaults_omnibox, serial_shops, shop
Vaults:5: uniq_bai_suzhen, uniq_sojobo
Crypt:1:  layout_gridlike
Crypt:2:  cheibrodos_crypt_eye_of_stone, layout_misc_corridors, uniq_frederick,
          uniq_margery, uniq_boris
Crypt:3:  grunt_crypt_end_deaths_head, uniq_josephina
Depths:1: layout_long_grid, enter_ziggurat_a, hell_entry,
          hellmonk_ghost_big_iron, nicolae_uskayaw_murder_on_the_dancefloor,
          minmay_splitting_lines, due_unseen_surprise
Depths:2: hangedman_arch_fort, layout_long_grid, hell_entry,
          rand_demon_pan_entry_3, kennysheep_pointless_box
Depths:3: tekkud_shrikecote, layout_basic, abyss_entry,
          pf_vacation_house_of_asmodeus, roderic_cross_of_infinity,
          kennysheep_generic_room_13, minmay_staircase_windowed_small
Depths:4: grunt_zot_entry_tricorne, layout_basic, hell_entry, abyss_entry,
          minmay_shop_star
Zot:1:    layout_cellular_growth
Zot:2:    layout_gridlike, regret_index_zotdec_stipple_waver
Zot:3:    layout_gridlike, regret_index_zotdec_alabaster_prism, lemuel_elevator
Zot:4:    lemuel_acid_trip, layout_concentric_octagons,
          regret_index_zotdec_serpentine_scales, zot_minivault_6,
          grunt_megastairs_5
Zot:5:    layout_gridlike

Skill      XL: |  1  2  3  4  5  6  7  8  9 10 11 12 13 14 15 16 17 18 19 20 21 22 23 24 25 26 27 |
---------------+----------------------------------------------------------------------------------+-----
Ranged Weapons | 4 5 6 7 |  7.7
Fighting       | 3 4 5 7 8 9 10 12 13 14 15 16 18 19 21 22 23 24 25 26 27 | 27.0
Stealth        | 1 |  1.1
Dodging        | 2 3 4 6 8 10 11 12 13 14 | 14.6
Maces & Flails | 3 5 7 8 |  8.2
Invocations    | 3 7 9 12 14 16 17 18 19 21 24 27 | 27.0
Axes           | 3 6 8 10 11 13 17 | 17.7
Shields        | 4 7 9 10 13 15 16 18 19 20 21 | 21.6
Translocations | 2 5 |  5.8
Armour         | 5 8 10 11 12 | 12.0
Spellcasting   | 2 7 |  7.6

Action                     |  1- 3 |  4- 6 |  7- 9 | 10-12 | 13-15 | 16-18 | 19-21 | 22-24 | 25-27 || total
---------------------------+-------+-------+-------+-------+-------+-------+-------+-------+-------++-------
  Melee: Demon whip        |       |       |    26 |    44 |    48 |    80 |       |       |       ||   198
         Punch             |       |       |     1 |       |     5 |       |       |       |       ||     6
         Shortbow          |       |       |       |     2 |       |       |       |       |       ||     2
         Broad axe         |       |       |       |       |   669 |   940 |  1374 |  1320 |  1116 ||  5419
   Fire: Shortbow          |    98 |   152 |   329 |   767 |   427 |       |       |       |       ||  1773
  Throw: Dart              |       |       |     5 |     1 |       |       |     3 |     3 |     1 ||    13
         Throwing net      |       |       |     1 |       |       |       |     3 |     1 |       ||     5
         Javelin           |       |       |       |       |     1 |     3 |       |     1 |       ||     5
   Cast: Lesser Beckoning  |       |       |       |       |       |     9 |     4 |    35 |    62 ||   110
         Apportation       |       |       |       |       |       |       |       |       |     1 ||     1
 Invoke: Recall Ancestor   |       |       |       |     2 |     3 |     7 |     2 |     6 |    13 ||    33
         Ancestor Life: He |       |       |       |     1 |       |       |       |       |       ||     1
         Idealise          |       |       |       |       |       |     6 |    14 |    15 |    15 ||    50
  Evoke: Wand              |       |     4 |    12 |     9 |     7 |     7 |     8 |     1 |     6 ||    54
         Phial of floods   |       |       |       |       |       |       |     1 |       |     1 ||     2
         Condenser vane    |       |       |       |       |       |       |       |       |     2 ||     2
    Use: Scroll            |     7 |     5 |    13 |    11 |    15 |    12 |    15 |    11 |    11 ||   100
         Potion            |     1 |     1 |     7 |     6 |     9 |    15 |    10 |    11 |    30 ||    90
   Stab: Confused          |       |       |       |     1 |    21 |    26 |   122 |   107 |    61 ||   338
         Invisible         |       |       |       |       |    23 |     9 |     3 |    17 |     1 ||    53
         Distracted        |       |       |       |       |    17 |    26 |    29 |    26 |    33 ||   131
         Sleeping          |       |       |       |       |     3 |     2 |     2 |       |     3 ||    10
         Paralysed         |       |       |       |       |    21 |    95 |   102 |   102 |    71 ||   391
 Armour: Leather armour    |    21 |    25 |    60 |       |    76 |    20 |       |       |       ||   202
         Skin              |    10 |    22 |    36 |     2 |       |       |       |       |       ||    70
         Steam dragon scal |       |       |    21 |   122 |   206 |       |       |       |       ||   349
         Swamp dragon scal |       |       |       |       |       |   381 |   319 |   326 |   167 ||  1193
  Dodge: Dodged            |    19 |    44 |   179 |   315 |   839 |   709 |   365 |   392 |   250 ||  3112
         Repelled          |       |       |     1 |     4 |    23 |    20 |    12 |    25 |    27 ||   112
  Block: Other             |       |       |    24 |    68 |   132 |       |       |       |       ||   224
         Reflection        |       |       |     3 |     3 |    54 |   103 |    56 |       |       ||   219
         Kite shield       |       |       |       |       |   286 |  1272 |   427 |       |       ||  1985
         Tower shield      |       |       |       |       |       |       |  1039 |  1431 |  1069 ||  3539

Table legend: (Time is in decaauts)
 A = Elapsed time spent in this place.
 B = Non-inter-level travel time spent in this place.
 C = Inter-level travel time spent in this place.
 D = Time resting spent in this place.
 E = Time spent auto-exploring this place.
 F = Levels seen in this place.
 G = Mean time per level.
                   A        B        C        D        E       F      G
               +--------+--------+--------+--------+--------+-----+--------+
         Total |  64255 |  57100 |   7155 |   6025 |  27988 |  69 |  931.2 |
       Dungeon |  16343 |  13917 |   2426 |    991 |   9123 |  15 | 1089.5 |
        Temple |     18 |      1 |     17 |      0 |      0 |   1 |   18.0 |
          Lair |   7540 |   6108 |   1432 |    520 |   4281 |   5 | 1508.0 |
         Swamp |   3388 |   3244 |    144 |    572 |   1230 |   4 |  847.0 |
     Snake Pit |   5088 |   4803 |    285 |    292 |   2929 |   4 | 1272.0 |
    Slime Pits |    697 |    677 |     20 |     27 |      0 |   5 |  139.4 |
  Orcish Mines |   1601 |   1382 |    219 |      2 |    891 |   2 |  800.5 |
   Elven Halls |   3665 |   3301 |    364 |    519 |   1398 |   3 | 1221.7 |
        Vaults |   9309 |   8455 |    854 |   1117 |   3631 |   5 | 1861.8 |
         Crypt |   1524 |   1430 |     94 |      4 |      0 |   3 |  508.0 |
        Depths |   4497 |   3680 |    817 |    459 |    675 |   4 | 1124.2 |
           Zot |   7294 |   6817 |    477 |   1190 |   2953 |   5 | 1458.8 |
         Abyss |    968 |    968 |      0 |     15 |     19 |   3 |  322.7 |
      Ziggurat |    459 |    459 |      0 |    246 |      0 |   7 |   65.6 |
         Sewer |    312 |    312 |      0 |      3 |    204 |   1 |  312.0 |
        Bailey |    470 |    470 |      0 |      0 |    208 |   1 |  470.0 |
      Ice Cave |   1074 |   1074 |      0 |     64 |    440 |   1 | 1074.0 |
               +--------+--------+--------+--------+--------+-----+--------+

Top non-repeatable levels by time:
Vaults:5: 2301 daAuts
   Zot:4: 2275 daAuts
  Lair:2: 2060 daAuts
     D:6: 2056 daAuts
Vaults:1: 2043 daAuts
  Lair:1: 1963 daAuts
Vaults:4: 1775 daAuts
Vaults:3: 1706 daAuts
    D:15: 1680 daAuts
 Snake:2: 1595 daAuts
   Elf:1: 1582 daAuts
   Elf:3: 1517 daAuts
    D:14: 1486 daAuts
Vaults:2: 1482 daAuts
   Zot:2: 1480 daAuts
